Map: Prion Terraces

Players

drizzler

  • Race: Zerg Zerg
  • League: Master

Miszu - Winner!

  • Race: Terran Terran
  • League: Master

VOD

Have the link to the VOD?

Description

Time

  • Played on: March 7, 2016, 5:24 p.m.
  • Length: 11:34
Show
View Real Time Build Order
Export as new Build Order

drizzler Zerg 

Build Orders: Pool First 

Get SALT Encoding   

  12  0:01  Drone  
  13  0:13  Overlord  
  13  0:17  Drone  
  14  0:32  Drone x2  
  16  0:38  Drone  
  17  0:47  Spawning Pool  
  17  0:48  Drone  
  17  1:10  Hatchery  
  16  1:16  Overlord, Extractor  
  15  1:27  Drone  
  16  1:33  Queen  
  16  1:34  Zergling x2  
  16  1:37  Drone  
  20  1:45  Drone  
  21  1:59  Drone  
  22  2:06  Drone  
  23  2:09  Queen  
  25  2:22  Zergling x2  
  26  2:24  Queen  
  26  2:25  Metabolic Boost  
  26  2:52  Zergling x6  
  26  2:55  Spine Crawler  
  27  3:06  Zergling x8  
  29  3:22  Zergling x10  
  33  3:35  Drone x2  
  33  3:36  Overlord  
  33  4:04  Zergling x2  
  33  4:05  Zergling x12  
  40  4:12  Zergling x4  
  42  4:18  Zergling x4  
  32  4:55  Zergling x14  
  32  4:59  Lair  
  37  5:07  Drone x2  
  38  5:18  Drone x2  
  40  5:30  Drone x2  
  40  5:31  Evolution Chamber  
  40  5:32  Evolution Chamber, Hatchery  
  39  5:36  Drone  
  39  5:38  Drone x2  
  44  5:42  Drone x2  
  44  5:53  Overlord, Extractor  
  40  6:09  Drone x4  
  43  6:14  Drone x4  
  43  6:17  Zerg Ground Armor Level 1  
  47  6:21  Drone x3  
  47  6:23  Drone  
  51  6:30  Overlord  
  51  6:31  Overlord  
  51  6:37  Zerg Melee Weapons Level 1  
  51  6:41  Overlord x3  
  51  6:48  Queen  
  51  6:52  Zergling x2  
  51  6:53  Zergling x6  
  57  7:00  Baneling Nest, Zergling x4  
  58  7:14  Zergling x16  
  66  7:21  Zergling x8  
  70  7:35  Zergling x12  
  76  7:40  Zergling x6  
  79  7:53  Centrifical Hooks  
  79  7:56  Drone x5  
  81  8:28  Zerg Ground Armor Level 2  
  81  8:38  Zergling x2  
  81  8:39  Zergling x18, Hatchery  
  81  8:41  Baneling x9  
  90  8:42  Baneling  
  90  8:45  Extractor  
  90  8:47  Extractor  
  88  8:49  Zergling x4  
  88  8:51  Hatchery  
  88  8:52  Extractor x2  
  88  8:54  Overlord x5  
  87  9:02  Baneling x4  
  87  9:08  Drone x3  
  90  9:11  Overlord x2  
  90  9:12  Overlord  
  90  9:16  Drone x6  
  96  9:18  Zergling x2  
  96  9:20  Zergling x2  
  96  9:23  Baneling x2  
  98  9:26  Baneling x3  
  98  9:29  Zergling x2  
  99  9:37  Zergling x6  
  102  9:39  Baneling  
  102  9:41  Zergling x2  
  96  9:54  Zergling x10  
  96  9:56  Zergling x2  
  102  10:01  Zergling x4  
  87  10:10  Baneling x9  
  87  10:13  Zergling x2  
  76  10:31  Zergling x4  
  76  10:33  Zergling x6  
  76  10:34  Baneling x3  
  74  10:47  Zergling x2  
  74  10:48  Zergling x4  
  52  11:15  Baneling x3  
  52  11:16  Zergling x6, Baneling x2  
  52  11:17  Zergling x4  
Show
View Real Time Build Order
Export as new Build Order

Miszu Terran - Winner!

Build Orders: MMM Bio 

Get SALT Encoding   

  12  0:02  SCV  
  13  0:14  SCV  
  13  0:19  Supply Depot  
  14  0:26  SCV  
  15  0:41  SCV  
  15  0:42  Barracks  
  16  0:44  Refinery  
  16  0:53  SCV  
  17  1:01  Barracks  
  17  1:05  SCV  
  18  1:15  Barracks  
  18  1:19  SCV  
  19  1:30  Reaper  
  19  1:31  Refinery  
  20  1:39  Supply Depot  
  20  1:48  Reaper  
  21  1:57  Orbital Command  
  21  2:02  Reaper  
  22  2:09  Reaper  
  23  2:16  Supply Depot  
  24  2:22  SCV  
  24  2:27  Reaper  
  25  2:34  Reaper  
  25  2:35  SCV  
  27  2:41  Reaper  
  27  2:47  SCV  
  28  2:59  SCV  
  28  3:00  Reaper  
  30  3:06  Reaper  
  31  3:29  Reaper  
  31  3:30  SCV  
  31  3:32  Reaper  
  34  3:37  Supply Depot  
  34  3:38  Reaper  
  34  3:40  Command Center  
  35  3:59  SCV  
  35  4:01  Marine  
  37  4:03  Marine  
  38  4:11  Command Center  
  38  4:12  SCV  
  39  4:18  Supply Depot  
  39  4:21  Marine x2  
  41  4:28  Barracks Tech Lab  
  40  4:32  Factory  
  38  4:39  Marine  
  38  4:43  SCV  
  34  4:55  SCV  
  34  4:57  Supply Depot, Marine  
  34  4:58  Orbital Command  
  35  5:08  SCV  
  36  5:20  SCV  
  37  5:26  SCV  
  38  5:32  Starport, SCV  
  39  5:36  Orbital Command  
  39  5:39  Factory Reactor  
  39  5:42  Barracks Reactor  
  39  5:43  Barracks Reactor  
  39  5:44  SCV  
  39  5:46  Stimpack  
  39  5:48  SCV  
  41  5:55  Refinery x2  
  41  5:56  SCV  
  42  6:06  Marine  
  42  6:07  SCV  
  42  6:08  SCV  
  42  6:10  Engineering Bay x2  
  42  6:16  Barracks x2  
  42  6:19  Marine  
  42  6:20  Marine x3  
  42  6:23  SCV, Factory Reactor  
  42  6:25  SCV  
  48  6:28  Orbital Command  
  48  6:31  Medivac  
  50  6:35  Medivac, SCV  
  50  6:37  SCV  
  50  6:38  Terran Infantry Armor Level 1  
  54  6:40  Terran Infantry Weapons Level 1  
  54  6:43  Supply Depot  
  54  6:44  Supply Depot  
  54  6:47  SCV  
  54  6:49  SCV  
  54  6:52  Marine x2  
  54  6:54  SCV  
  59  6:56  Marine  
  59  6:58  Marine  
  59  6:59  SCV  
  62  7:01  SCV  
  62  7:04  Barracks Reactor  
  62  7:05  Barracks Reactor, Marine  
  62  7:06  SCV  
  65  7:11  SCV  
  65  7:13  SCV  
  65  7:14  Marine x3  
  65  7:15  Medivac  
  72  7:18  SCV  
  73  7:23  SCV  
  73  7:25  SCV  
  73  7:27  Armory  
  75  7:30  Factory, Marine, SCV  
  75  7:32  Marine x4  
  75  7:35  SCV  
  82  7:38  SCV  
  82  7:42  SCV  
  84  7:47  SCV, Combat Shields  
  84  7:48  Marine  
  84  7:50  Marine, SCV  
  84  7:51  Marine x3  
  83  7:52  Marine x4, Widow Mine  
  83  7:54  SCV  
  93  7:59  SCV  
  93  8:02  SCV  
  95  8:05  Marine  
  95  8:06  SCV  
  95  8:07  Marine  
  95  8:09  Marine x3  
  101  8:15  Marine  
  101  8:16  Marine x2  
  101  8:17  Marine  
  101  8:18  Widow Mine  
  98  8:22  SCV x2  
  98  8:23  Marine  
  98  8:24  SCV  
  91  8:27  Marine, Factory Tech Lab  
  91  8:28  Marine x2  
  91  8:33  Medivac x2  
  99  8:34  SCV x2  
  99  8:39  Supply Depot  
  99  8:40  SCV  
  99  8:41  Supply Depot  
  101  8:42  Supply Depot  
  101  8:45  Drilling Claws, Widow Mine  
  101  8:46  Widow Mine, SCV  
  101  8:47  SCV, Widow Mine  
  109  8:53  Terran Infantry Weapons Level 2  
  109  8:57  Terran Infantry Armor Level 2  
  109  9:00  SCV  
  112  9:02  Marine, Marauder  
  112  9:03  Marine  
  112  9:08  Marine x2  
  112  9:09  Marine x3  
  119  9:10  Marine  
  119  9:13  Missile Turret  
  119  9:14  Widow Mine  
  119  9:15  Missile Turret  
  119  9:16  SCV  
  123  9:17  SCV x2  
  123  9:20  Marine, Widow Mine  
  123  9:22  Widow Mine  
  123  9:23  Medivac  
  132  9:32  Marine  
  133  9:39  Bunker  
  117  9:52  Marine  
  111  10:20  Orbital Command  
  109  10:27  Supply Depot  
  105  10:45  Supply Depot, Marine x3  
  105  10:46  Supply Depot, Marauder  
  105  10:48  Marine x5, Medivac  
  107  11:03  Marine x3  
  104  11:06  Marine x5  
  104  11:07  Marauder  
Tags
 
Composition
MMM Bio
Matchup
TvZ
Opening
Pool First
Add a new tag
Caveats
  • Supply blocks, unpowered buildings, or Contaminate may cause inaccurate times.
  • Supply counts are checked every 10 seconds.